 Dungeon Crawl Stone Soup version 0.29-a0-397-g846e4a0bbc (webtiles) character file.

Game seed: 13805981930272022841

30 thiscave3701365 the Chopper (level 3, 30/33 HPs)
             Began as a Minotaur Berserker on May 11, 2022.
             Was a Follower of Trog.
             Quit the game on level 2 of the Dungeon.
             The game lasted 00:00:38 (1229 turns).

thiscave3701365 the Chopper (Minotaur Berserker)    Turns: 1229, Time: 00:00:38

Health: 30/33      AC:  2    Str: 23    XL:     3   Next: 3%
Magic:  2/2        EV: 12    Int:  4    God:    Trog [*.....]
Gold:   20         SH:  0    Dex:  9    Spells: 2/2 levels left

rFire   . . .      SeeInvis .   a - +0 hand axe
rCold   . . .      Faith    .   (no shield)
rNeg    . . .      Spirit   .   b - +0 animal skin
rPois   .          Reflect  .   (helmet restricted)
rElec   .          Harm     .   (no cloak)
rCorr   .          Rampage  .   (no gloves)
Will    .....                   (no boots)
Stlth   +.........              (no amulet)
HPRegen 0.11/turn               (no ring)
MPRegen 0.08/turn               (no ring)

@: no status effects
A: horns 2, retaliatory headbutt
a: Renounce Religion, Berserk


You were on level 2 of the Dungeon.
You worshipped Trog.
Trog was aware of your devotion.
You visited 1 branch of the dungeon, and saw 2 of its levels.

You collected 20 gold pieces.

Inventory:

Hand Weapons
 a - a +0 hand axe (weapon)
Armour
 b - a +0 animal skin (worn)
Jewellery
 c - a ring of poison resistance
Scrolls
 d - a scroll of vulnerability {unknown}
Potions
 e - a potion of degeneration {unknown}


   Skills:
 + Level 4.0 Fighting
 + Level 4.0 Axes
 + Level 3.0 Armour
 + Level 2.7 Dodging


You had 2 spell levels left.
You didn't know any spells.
Your spell library was empty.

Dungeon Overview and Level Annotations

Branches:
Dungeon (1/15)

Altars:


Innate Abilities, Weirdness & Mutations

You have a pair of horns on your head.
You reflexively headbutt those who attack you in melee.


Message History

You hit the kobold.
The kobold is moderately wounded.
The kobold barely misses you.
A kobold is nearby!
You barely miss the kobold. You headbutt the kobold.
You kill the kobold!
Trog accepts your kill.
You have reached level 3!
Your experience leads to an increase in your attributes!
Increase (S)trength, (I)ntelligence, or (D)exterity?
You feel stronger. x2
Things that are here:
a +0 short sword; 2 stones No target in view!
Found an escape hatch in the ceiling.
No target in view!
A bat comes into view.
The bat moves out of view.
No target in view!
A bat comes into view.
Found a blue potion.
The bat barely misses you.
There are monsters nearby!
You miss the bat. The bat hits you but does no damage.
There are monsters nearby!
You miss the bat. The bat barely misses you. x2
There are monsters nearby!
You barely miss the bat. Your headbutt misses the bat. The bat hits you. x2
There are monsters nearby!
You hit the bat but do no damage. You headbutt the bat.
You kill the bat!
Trog accepts your kill. The bat misses you.
A bat is nearby!
The bat barely misses you.
A bat is nearby!
You barely miss the bat. The bat hits you.
A bat is nearby!
The bat hits you but does no damage. The bat barely misses you.
Are you sure you want to abandon this character and quit the game? (Confirm with "yes".)

#####...####. ....
#...# #. #.#.# #...#
#. #.... #...# ##
#...# ## #...#
###.... .# #...#
.....# .. ##.##
#.!####..# #...#####
#..@b.<..##.#.......
##.##.##.###.#(##...
#.##.##.#.........#
#.................#
####.####.##.......
#.# #. #.##.#.# #.#
# #. #.#.. #.# ..
..### ##)# . ..#


You could see a bat.

Vanquished Creatures
  An adder (D:2)
  2 worms (D:2)
  2 bats (D:2)
  A goblin (D:2)
  3 hobgoblins (D:2)
  A kobold (D:2)
  2 quokkas (D:2)
  A ball python (D:2)
  A rat (D:2)
14 creatures vanquished.

Notes
Turn   | Place    | Note
-------+----------+-------------------------------------------
     0 | D:1      | thiscave3701365 the Minotaur Berserker began the quest for
                  | the Orb.
     0 | D:1      | Reached XP level 1. HP: 19/19 MP: 0/0
     9 | D:1      | You fall into a shaft and drop 1 floor!
    20 | D:2      | HP: 1/30 [goblin/+0 dagger (4)]
   561 | D:2      | Reached XP level 2. HP: 18/27 MP: 1/1
   807 | D:2      | Reached * piety under Trog
  1212 | D:2      | Reached XP level 3. HP: 33/33 MP: 2/2
  1229 | D:2      | Quit the game

Illustrated notes

Levels and vault maps discovered:
D:1:      ncdulo_wetmaze, layout_loops_ring
D:2:      layout_loops_cross, uniq_crazy_yiuf_cottage

Skill      XL: |  1  2 |
---------------+-------+-----
Fighting       | 4 |  4.0
Axes           | 4 |  4.0
Armour         | 3 |  3.0
Dodging        | |  2.7

Action                   || total
-------------------------++-------
Melee: Hand axe          ||    51
       Headbutt          ||     9
Invok: Berserk           ||     2
Armor: Animal skin       ||     9
Dodge: Dodged            ||    38

Table legend: (Time is in decaauts)
 A = Elapsed time spent in this place.
 B = Non-inter-level travel time spent in this place.
 C = Inter-level travel time spent in this place.
 D = Time resting spent in this place.
 E = Time spent auto-exploring this place.
 F = Levels seen in this place.
 G = Mean time per level.
                   A        B        C        D        E       F      G
               +--------+--------+--------+--------+--------+-----+--------+
         Total |   1258 |   1258 |      0 |    469 |    675 |   2 |  629.0 |
       Dungeon |   1258 |   1258 |      0 |    469 |    675 |   2 |  629.0 |
               +--------+--------+--------+--------+--------+-----+--------+

Top non-repeatable levels by time:
     D:2: 1245 daAuts
     D:1: 12 daAuts
